 Dungeon Crawl Stone Soup version 0.22-a0-612-gd2f0174 (webtiles) character file.

240 digijack the Shield-Bearer (level 5, 19/47 HPs)
             Began as a Minotaur Fighter on July 11, 2018.
             Was a Follower of Dithmenos.
             Got out of the dungeon alive.
             The game lasted 00:10:04 (2294 turns).

digijack the Shield-Bearer (Minotaur Fighter)       Turns: 2294, Time: 00:10:05

Health: 19/47      AC:  7    Str: 20    XL:     5   Next: 80%
Magic:  4/4        EV:  8    Int:  5    God:    Dithmenos [*.....]
Gold:   56         SH:  9    Dex: 11    Spells: 4/4 levels left

rFire    . . .     SeeInvis .   a - +1 long sword
rCold    + . .     Gourm    .   c - +0 shield
rNeg     . . .     Faith    .   b - +0 scale mail
rPois    +         Spirit   .   (helmet restricted)
rElec    .         Reflect  .   k - scarf {repulsion}
rCorr    .         Harm     .   (no gloves)
MR       .....                  (no boots)
Stlth    ..........             (no amulet)
HPRegen  0.15/turn              e - ring of poison resistance
MPRegen  0.09/turn              i - ring of protection from cold

@: wreathed by umbra, repel missiles
A: retaliatory headbutt, horns 2
a: Renounce Religion


You escaped.
You worshipped Dithmenos.
Dithmenos was aware of your devotion.
You were hungry.

You visited 1 branch of the dungeon, and saw 3 of its levels.

You collected 56 gold pieces.

Inventory:

Hand Weapons
 a - a +1 long sword (weapon)
Missiles
 g - 30 stones (quivered)
Armour
 b - a +0 scale mail (worn)
 c - a +0 shield (worn)
 k - a scarf of repulsion (worn)
Jewellery
 e - a ring of poison resistance (left hand)
 i - a ring of protection from cold (right hand)
Wands
 m - a wand of iceblast (6)
Scrolls
 j - a scroll of remove curse
 l - a scroll of teleportation
Potions
 d - a potion of might
 h - a potion of agility
Comestibles
 f - 4 rations


   Skills:
 + Level 4.7 Fighting
 + Level 3.9 Long Blades
 + Level 4.7 Armour
 + Level 2.5 Dodging
 + Level 4.8 Shields


You had 4 spell levels left.
You didn't know any spells.
Your spell library was empty.

Dungeon Overview and Level Annotations

Branches:
Dungeon (3/15)

Altars:
Ashenzari
Dithmenos
Ru
Vehumet


Innate Abilities, Weirdness & Mutations

You reflexively headbutt those who attack you in melee.
You have a pair of horns on your head.


Message History

Dithmenos accepts your kill.
The iceblast engulfs the adder.
You kill the adder!
Dithmenos accepts your kill.
Items here: )) [ † a dagger; a flail; a chain mail; an orc corpse
Things that are here:
a scale mail; a ring mail
There is a stone staircase leading up here.
You climb upwards.
There is a stone staircase leading down here.
You are feeling hungry.
You can't go up here!
There is a stone staircase leading up here.
You climb upwards.
There is a stone staircase leading down here.
There is an open gate here.
There is a staircase leading out of the dungeon here.
Are you sure you want to leave the Dungeon?
This will make you lose the game!
You have escaped!

.....#..###...#.# ##.# #
..####.#.#.#.##)# #.# #
..# #.##.#...#)### #.# #
..# #.#..........######.#
# ###
#.#..#...#.......)..#
#.#..##.#.......###.#
######....>..#######.# #.#
#.........##.#.....#.###.#
#
#.######.###.#..@..#..##.#
# #.# #.# #.#.....#..##.#
# #.# #)#
#.#.....#..##.#### # #.#
#.# #.##'''##........# ###
#.# #.# #..........#####.#
#.. #.# #.# #####....#.#
#.###.. #.# #.# ###..>.#
#...... #.#
#.############.# #)##...
#.#
#..............#####.##...


There were no monsters in sight!

Vanquished Creatures
  An ogre (D:3)
  An orc priest (D:3)
  A gnoll (D:1)
  4 adders
  An ooze (D:2)
  A worm (D:2)
  3 dart slugs
  5 leopard geckos
  5 orcs (D:3)
  A ball python (D:1)
  2 bats (D:2)
  3 giant cockroaches
  7 goblins
  8 hobgoblins
  2 jackals (D:1)
  A quokka (D:2)
  2 frilled lizards (D:3)
  6 kobolds
  5 rats
59 creatures vanquished.

Notes
Turn   | Place    | Note
-------+----------+-------------------------------------------
     0 | D:1      | digijack the Minotaur Fighter began the quest for the Orb.
     0 | D:1      | Reached XP level 1. HP: 19/19 MP: 0/0
    94 | D:1      | Found a shattered altar of Ashenzari.
   155 | D:1      | Reached XP level 2. HP: 27/27 MP: 1/1
   362 | D:1      | Reached skill level 1 in Dodging
   518 | D:1      | Reached XP level 3. HP: 26/33 MP: 2/2
  1113 | D:2      | Found a radiant altar of Vehumet.
  1163 | D:2      | Found a sacrificial altar of Ru.
  1302 | D:2      | Found a faded altar of an unknown god.
  1327 | D:2      | Became a worshipper of Dithmenos the Shadowed
  1327 | D:2      | Reached * piety under Dithmenos
  1342 | D:2      | Reached XP level 4. HP: 39/40 MP: 3/3
  1856 | D:3      | Noticed an ogre
  1869 | D:3      | Killed an ogre
  1869 | D:3      | Reached XP level 5. HP: 5/47 MP: 4/4
  2294 | D:$      | Got out of the dungeon alive.

Vault maps used:
D:1:      dpeg_arrival_windows_large_door, serial_bayou_pond_e,
          nicolae_ashenzari_panopticon
D:2:      vehumet_crystals, nicolae_ru_the_path_less_chosen,
          chequers_ecumenical_altar_island
D:3:      minmay_roachtagon, nicolae_gozag_cash_rules_everything_around_me,
          bh_walls_and_bars

Skill      XL: |  1  2  3  4 |
---------------+-------------+-----
Dodging        | 1 2 |  2.5
Fighting       | 4 |  4.7
Armour         | 4 |  4.7
Shields        | 4 |  4.8
Long Blades    | 3 |  3.9

Action                   |  1- 3 |  4- 6 || total
-------------------------+-------+-------++-------
Melee: Long sword        |    84 |    41 ||   125
       Headbutt          |     6 |     3 ||     9
Evoke: Wand              |       |     3 ||     3
  Use: Scroll            |     5 |       ||     5
       Potion            |     2 |       ||     2
 Stab: Sleeping          |     1 |       ||     1
  Eat: Chunk             |     1 |     3 ||     4
Armor: Scale mail        |    28 |    12 ||    40
Dodge: Dodged            |    17 |    17 ||    34
       Deflected         |       |     3 ||     3
Block: Shield            |    38 |    18 ||    56
       Rpst.: Long sword |     3 |     6 ||     9

Table legend:
 A = Spawn XP
 B = Non-spawn XP
 C = Spawn XP percentage of total XP
 D = Spawn monster count
 E = Non-spawn monster count
 F = Spawn count percentage of total count
 G = Total turns spent on level
                    A         B        C        D         E        F      G
               +---------+---------+-------+---------+---------+-------+---------
         Total |       0 |     344 |   0.0 |       0 |      59 |   0.0 |  2294
               +---------+---------+-------+---------+---------+-------+---------
           D:1 |       0 |      65 |   0.0 |       0 |      27 |   0.0 |   991
           D:2 |       0 |      41 |   0.0 |       0 |      11 |   0.0 |   693
           D:3 |       0 |     238 |   0.0 |       0 |      21 |   0.0 |   610
               +---------+---------+-------+---------+---------+-------+---------
